cohdb
Replays
Latest Replays
All Replays
Popular Replays
Top Player Replays
Match Explorer
How It Works
Community
CoH3 Stats
Reddit
Sign in to upload your games and track your stats! →
Sign in with Steam
Match 25610777
Unlisted
Match 25610777
Overview
Messages
Build Orders
End
Panzergrenadier Squad
Selects Battlefield Espionage Battlegroup
Panzergrenadier Squad
Panzergrenadier Squad
Construct Light Support Kompanie
Selects Sector Subterfuge Beacon
Selects 250/3 Funkpanzerwagen
Fire Support Elements
Veteran Squad Leaders
Pak 38 Mechanized Group
Construct Panzerarmee Kommand
2.5-tonne Medical Truck
Selects Advanced Ambush Training
Armored Reserves
Emergency Repair Kits
Selects Plunder
MG34 Team
Vehicle Survival Package
Tiger Heavy Tank
Selects Operation Skorpion
Rapid Advance
faunusflora
ConcernedApe
MR-HIFU
hackyo1
0
0
Comments
sign in to comment!
No comments posted yet!